 Dungeon Crawl Stone Soup version 0.29-a0-23-ga79f92ac9c (webtiles) character file.

Game seed: 3734123501789451497

315 frimble the Chiller (level 6, -1/41 HPs)
             Began as a Demonspawn Ice Elementalist on Jan 30, 2022.
             Slain by a centaur (8 damage)
             ... on level 5 of the Dungeon.
             The game lasted 00:06:24 (5283 turns).

frimble the Chiller (Demonspawn Ice Elementalist)   Turns: 5283, Time: 00:06:26

Health: -1/41      AC:  9    Str:  9    XL:     6   Next: 19%
Magic:  3/9        EV: 15    Int: 18    God:
Gold:   221        SH:  0    Dex: 13    Spells: 2/9 levels left

rFire   . . .      SeeInvis .   c - +0 dagger (venom)
rCold   . . .      Faith    .   (no shield)
rNeg    . . .      Spirit   .   a - +0 robe
rPois   .          Reflect  .   (helmet restricted)
rElec   .          Harm     .   (no cloak)
rCorr   .          Rampage  .   d - +0 pair of gloves
Will    .....                   (no boots)
Stlth   ++........              (no amulet)
HPRegen 0.13/turn               (no ring)
MPRegen 0.11/turn               (no ring)

@: ice-armoured, freezing walls
A: antennae 1, repulsion field 2
a: no special abilities


You were on level 5 of the Dungeon.
You visited 1 branch of the dungeon, and saw 6 of its levels.

You collected 221 gold pieces.

Inventory:

Hand Weapons
 b - a +0 short sword
 c - a +0 dagger of venom (weapon)
Armour
 a - a +0 robe (worn)
 d - a +0 pair of gloves (worn)
Jewellery
 k - an amulet of magic regeneration
Wands
 g - a wand of charming (4)
Scrolls
 e - 2 scrolls of vulnerability
 i - 2 scrolls of teleportation
 m - a scroll of identify
Potions
 h - 2 potions of flight {unknown}
 j - 2 potions of haste {unknown}
 l - a potion of brilliance {unknown}
 n - a potion of heal wounds {unknown}


   Skills:
 + Level 3.7 Short Blades
 - Level 1.7 Dodging
 - Level 1.7 Stealth
 - Level 2.0 Spellcasting
 + Level 5.5 Ice Magic


You had 2 spell levels left.
You knew the following spells:

 Your Spells              Type           Power      Damage    Failure   Level
a - Freeze                Ice            84%        1d10      1%          1
b - Ozocubu's Armour      Ice            21%        N/A       5%          3
c - Frozen Ramparts       Ice            42%        1d6       5%          3

Your spell library contained the following spells:

 Spells                   Type           Power      Damage    Failure   Level
 Beastly Appendage        Tmut           2%         N/A       19%         1
 Wereblood                Tmut           1%         N/A       26%         2
 Call Canine Familiar     Summ           1%         N/A       47%         3
 Gell's Gravitas          Tloc           1%         N/A       47%         3
 Lesser Beckoning         Tloc           1%         N/A       47%         3
 Portal Projectile        Hex/Tloc       2%         N/A       47%         3
 Spider Form              Tmut/Pois      1%         N/A       47%         3
 Teleport Other           Tloc           1%         N/A       47%         3
 Hailstorm                Conj/Ice       11%        3d5       50%         4
 Leda's Liquefaction      Hex/Erth       0%         N/A       87%         4


Dungeon Overview and Level Annotations

Branches:
Dungeon (6/15)             Temple (0/1) D:4

Altars:

Shops:
D:1 (   D:5 (   D:6 *

Annotations:
D:3 Ijyb
D:5 1 runed translucent door, avis's ghost, novice HOTm


Innate Abilities, Weirdness & Mutations

You have a pair of small antennae on your head.
You are surrounded by a moderate repulsion field. (EV +3)


Message History

Unknown command.
Your icy armour will break if you move.
Continue? [Y]es or [N]o only, please.
Your icy armour will break if you move.
Continue?
Your icy armour cracks and falls away as you move.
The water moccasin zombie closely misses you.
There is a stone staircase leading up here.
The water moccasin zombie completely misses you.
You climb upwards.
Level annotation: 1 runed translucent door, avis's ghost, novice HOTm
There is a stone staircase leading down here.
You start resting.
A centaur is nearby!
The centaur shouts!
The centaur shoots an arrow.
The arrow closely misses you.
You see here 20 arrows.
The centaur unwields a +0 shortbow.
The centaur wields a +0 long sword.
The centaur hits you with a +0 long sword!
The centaur misses you.
You see here 20 arrows.
Casting: Freeze (safe; 1% risk of failure)
Confirm with . or Enter, or press ? or * to list all spells.
A film of ice covers your body!
The centaur hits you with a +0 long sword.
The centaur misses you.
A centaur is nearby!
Casting: Ozocubu's Armour (dangerous; 5% risk of failure)
Confirm with . or Enter, or press ? or * to list all spells.
Casting: Frozen Ramparts (dangerous; 5% risk of failure)
Press: ? - help, Dir - look around, f - activate The walls around you are covered in ice.
The wall freezes the centaur.
The centaur hits you with a +0 long sword!
* * * LOW HITPOINT WARNING * * *
The centaur barely misses you.
You hit the centaur.
The centaur is poisoned.
The centaur is moderately wounded.
The wall freezes the centaur.
The centaur hits you with a +0 long sword!
You die...

#.......# ###### # #..
#.......#.# ... #.#..
#.......#.#.####.#.#..
#....>#.#.#.#∩.#.#.#..
#.......#$#.##.#.#l#..
#.......#.# #.#..
#.......# # # #..
#.......# . #..
#...c@..######## #..
#...##.......... ....
#...####....##.. <....
#...........# ...##..
#...........# ... #..
#.c.........+ .. ...
#...####....##.....
#...#########.....
#......# ##....###..


You could see a centaur (very poisoned).

Vanquished Creatures
  A scorpion (D:5)
  2 hounds
  A jelly (D:5)
  4 gnolls (D:4)
  2 adders
  An ufetubus (D:4)
  An adder skeleton (D:4)
  A worm (D:2)
  A dart slug (D:2)
  5 orcs (D:4)
  9 endoplasms
  2 giant cockroaches (D:1)
  6 goblins
  4 hobgoblins
  8 kobolds
  4 quokkas
  7 ball pythons
  4 bats
  5 frilled lizards
  4 rats
72 creatures vanquished.

Vanquished Creatures (others)
  A centaur zombie (D:6)
1 creature vanquished.

Grand Total: 73 creatures vanquished

Notes
Turn   | Place    | Note
-------+----------+-------------------------------------------
     0 | D:1      | frimble the Demonspawn Ice Elementalist began the quest for
                  | the Orb.
     0 | D:1      | Reached XP level 1. HP: 13/13 MP: 3/3
    11 | D:1      | Found a faded altar of an unknown god.
   402 | D:1      | Gained mutation: You are surrounded by a mild repulsion
                  | field. (EV +2) [demonic ancestry]
   402 | D:1      | Reached XP level 2. HP: 11/19 MP: 1/5
   526 | D:1      | Reached skill level 4 in Ice Magic
   667 | D:1      | Reached skill level 1 in Short Blades
  1204 | D:1      | Found Irurphih's Weapon Shop.
  1467 | D:1      | Reached XP level 3. HP: 24/24 MP: 6/6
  1640 | D:2      | Learned a level 3 spell: Ozocubu's Armour
  3105 | D:3      | Noticed Ijyb
  3153 | D:4      | Reached XP level 4. HP: 28/30 MP: 7/7
  3189 | D:4      | Learned a level 3 spell: Frozen Ramparts
  3628 | D:4      | Gained mutation: You have a pair of small antennae on your
                  | head. [demonic ancestry]
  3628 | D:4      | Reached XP level 5. HP: 21/35 MP: 2/8
  3633 | D:4      | Reached skill level 5 in Ice Magic
  3866 | D:4      | Found a staircase to the Ecumenical Temple.
  4484 | D:5      | Entered Level 5 of the Dungeon
  4484 | D:5      | Noticed a centaur
  4592 | D:5      | Found a runed translucent door.
  4597 | D:5      | Noticed avis's ghost (novice HOTm)
  4798 | D:5      | Found Ozitsuuwn's Weapon Boutique.
  5025 | D:5      | Gained mutation: You are surrounded by a moderate repulsion
                  | field. (EV +3) [demonic ancestry]
  5025 | D:5      | Reached XP level 6. HP: 41/41 MP: 4/9
  5183 | D:6      | Found Niwuoz Minu's Assorted Antiques.
  5283 | D:5      | Slain by a centaur

Illustrated notes

Levels and vault maps discovered:
D:1:      pf_arrival_petrified_forest, layout_basic,
          ebering_ecumenical_altar_petrified, serial_shops, shop_statue,
          minmay_close_crescents
D:2:      layout_basic
D:3:      layout_loops_ring, uniq_crazy_yiuf_cottage, uniq_ijyb, uniq_natasha
D:4:      layout_loops_ring, minmay_temple_entry_crystal_x, st_stairs_13
D:5:      layout_gridville, lemuel_zombie_altar_yredelemnul,
          ebering_ghost_reflecting_pool, nicolae_inconvenience_store,
          minivault_14, uniq_menkaure
D:6:      layout_basic, lemuel_doored_altar, mainiacjoe_overflow_tiny_flanked,
          gammafunk_temple_overflow_forgotten, serial_shops,
          nicolae_stop_n_shop_1, uniq_duvessa

Skill      XL: |  1  2  3  4  5 |
---------------+----------------+-----
Ice Magic      | 4 5 |  5.5
Short Blades   | 1 2 3 |  3.7
Dodging        | |  1.7
Stealth        | |  1.7
Spellcasting   | |  2.0

Action                   |  1- 3 |  4- 6 || total
-------------------------+-------+-------++-------
Melee: Short sword       |   166 |    35 ||   201
       Unarmed           |     2 |       ||     2
       Punch             |     4 |     1 ||     5
       Dagger            |       |    73 ||    73
 Cast: Freeze            |    21 |     9 ||    30
       Frozen Ramparts   |       |     6 ||     6
       Ozocubu's Armour  |       |     4 ||     4
Evoke: Wand              |       |     2 ||     2
  Use: Scroll            |     5 |     3 ||     8
       Potion            |       |     1 ||     1
 Stab: Sleeping          |     5 |       ||     5
Armor: Robe              |    37 |    34 ||    71
Dodge: Dodged            |   114 |   124 ||   238

Table legend: (Time is in decaauts)
 A = Elapsed time spent in this place.
 B = Non-inter-level travel time spent in this place.
 C = Inter-level travel time spent in this place.
 D = Time resting spent in this place.
 E = Time spent auto-exploring this place.
 F = Levels seen in this place.
 G = Mean time per level.
                   A        B        C        D        E       F      G
               +--------+--------+--------+--------+--------+-----+--------+
         Total |   5275 |   5144 |    131 |     42 |   4336 |   6 |  879.2 |
       Dungeon |   5275 |   5144 |    131 |     42 |   4336 |   6 |  879.2 |
               +--------+--------+--------+--------+--------+-----+--------+

Top non-repeatable levels by time:
     D:1: 1483 daAuts
     D:4: 1356 daAuts
     D:2: 1253 daAuts
     D:5: 713 daAuts
     D:3: 410 daAuts
     D:6: 57 daAuts
